 Dungeon Crawl Stone Soup version 0.32-a0-675-gdc239d62e1 (webtiles) character file.

Game seed: 3259292003789232824

174 Implojin the Cutter (level 5, -1/61 HPs)
             Began as a Coglin Delver on Mar 11, 2024.
             Was a Follower of Uskayaw.
             Succumbed to a gnoll's poison
             ... on level 4 of the Dungeon.
             The game lasted 00:05:25 (3144 turns).

Implojin the Cutter (Coglin Delver)                 Turns: 3144, Time: 00:05:25

Health: -1/61      AC:  5    Str: 11    XL:     5   Next: 54%
Magic:  5/5        EV: 11    Int:  9    God:    Uskayaw [*.....]
Gold:   186        SH:  0    Dex: 21    Spells: 4/4 levels left

rFire   . . .        a - +0 short sword {Rubén}
rCold   . . .        r - +0 short sword {Kannika}
rNeg    . . .        i - +0 ring mail
rPois   .            (no helmet)
rElec   .            (no cloak)
rCorr   .            (no gloves)
SInv    .            (no boots)
Will    .....        (amulet unavailable) Stlth
                     (ring unavailable)
HPRegen 0.30/turn    (ring unavailable)
MPRegen 0.09/turn    (no gizmo)

%: no passive effects
@: berserking, lethally poisoned (-1 -> -28), very quick
A: off-hand wielding, slow wielding, warmup strikes, no jewellery, agile 1
a: Invent Gizmo, Renounce Religion, Stomp


You were on level 4 of the Dungeon.
You worshipped Uskayaw.
Uskayaw was noncommittal.
You visited 1 branch of the dungeon, and saw 5 of its levels.

You collected 186 gold pieces.

Inventory:

Hand Weapons
 a - a +0 short sword (weapon) {Rubén}
 r - a +0 short sword (offhand) {Kannika}
Missiles
 f - 15 boomerangs
 w - a throwing net (quivered)
Armour
 i - a +0 ring mail (worn)
 t - a +0 chain mail
 u - a +0 plate armour
Wands
 g - a wand of digging (3)
 y - a wand of acid (5)
Scrolls
 b - a scroll of immolation {unknown}
 c - a scroll of fog
 d - a scroll of revelation
 e - a scroll of fear
 h - a scroll of amnesia {unknown}
 l - a scroll of enchant weapon {unknown}
 m - 2 scrolls of noise {unknown}
 n - a scroll of brand weapon {unknown}
 s - 2 scrolls of identify {unknown}
 x - a scroll of butterflies {unknown}
 z - a scroll of teleportation {unknown}
Potions
 j - a potion of degeneration {unknown}
 k - a potion of mutation
 o - a potion of heal wounds {unknown}
 p - a potion of berserk rage
 q - a potion of haste
 v - a potion of curing {unknown}


   Skills:
 - Level 3.0 Fighting
 * Level 5.1 Short Blades
 - Level 1.7 Dodging
 - Level 4.1 Stealth


You had 4 spell levels left.
You didn't know any spells.
Your spell library contained the following spells:

 Spells                   Type           Power      Damage    Failure   Level
 Ensorcelled Hibernation  Hex/Ice        0%         N/A       83%         2
 Inner Flame              Hex/Fire       0%         N/A       96%         3
 Passwall                 Erth           0%         N/A       96%         3
 Swiftness                Air            0%         N/A       96%         3
 Irradiate                Conj/Alch      0%         3d11      100%        5
 Ignition                 Fire           0%         3d3       100%        8


Dungeon Overview and Level Annotations

Branches:
Dungeon (5/15)
 Temple: D:4-7

Altars:
Hepliaklqana
Sif Muna
Uskayaw


Innate Abilities, Weirdness & Mutations

You can wield a second weapon in your off-hand.
It takes a long time for you to wield or remove held weapons.
Your first few attacks do less damage.
You cannot equip rings or amulets.
You are agile. (Dex +4, Str/Int -1)


Message History

Okay, then.
Aiming: Corrosive Bolt
Press: ? - help, Shift-Dir - straight line, f/p - gnoll
Aim: a gnoll, wielding a +0 spear of venom and wearing a +0 ring mail (79% to hit)
The bolt of acid misses the gnoll.
You feel very sick.
The gnoll hits you from afar with a +0 spear of venom.
* * * LOW HITPOINT WARNING * * *
You are lethally poisoned!
Unknown command.
Okay, then.
Okay, then.
Throw: 2 throwing nets
Press: ? - help, Q - select action, (/) - cycle Shift-Dir - straight line, f/p - gnoll
Aim: a gnoll, wielding a +0 spear of venom and wearing a +0 ring mail (65% to hit)
You throw a throwing net.
The throwing net closely misses the gnoll.
* * * LOW HITPOINT WARNING * * *
You feel very sick.
The gnoll hits you from afar with a +0 spear of venom.
* * * LOW HITPOINT WARNING * * *
You are more poisoned.
Unknown command.
It was a potion of mutation.
You feel extremely strange.
You feel agile. x2; You feel clumsy.
* * * LOW HITPOINT WARNING * * *
You feel extremely sick. The gnoll closely misses you.
Unknown command.
It was a potion of berserk rage.
A red film seems to cover your vision as you go berserk!
You feel yourself moving faster!
You feel mighty!
* * * LOW HITPOINT WARNING * * *
You feel very sick.
The gnoll hits you from afar with a +0 spear of venom.
* * * LOW HITPOINT WARNING * * *
You are more poisoned.
You feel a strong urge to attack something.
You die...
Your body falls in perfect tune with the rhythm.

##
#####...........##.
#..)........#
#...........#
#...........#
##..........#
..#####..........#
..'..............#..
..####.#g...........
..#.#@..........#
####.#g#...........#
?...#.#...........#
###....#...........#
.......#...........#
#...<............#
#.g..............#
####.....######....#
........## ...?


You could see a gnoll.

Vanquished Creatures
  An orc priest (D:4)
  3 adders
  4 gnolls
  A dart slug (D:2)
  A ribbon worm (D:4)
  9 orcs
  8 endoplasms
  2 goblins
  2 hobgoblins
  4 jackals (D:1)
  5 quokkas
  5 ball pythons
  8 bats
  3 frilled lizards (D:3)
  7 kobolds
  2 rats
65 creatures vanquished.

Notes
Turn   | Place    | Note
-------+----------+-------------------------------------------
     0 | D:5      | Implojin the Coglin Delver began the quest for the Orb.
     0 | D:5      | Reached XP level 1. HP: 18/18 MP: 1/1
    85 | D:3      | Reached skill level 2 in Short Blades
   122 | D:3      | Reached XP level 2. HP: 11/24 MP: 2/2
   324 | D:2      | Found a hide-covered altar of Uskayaw.
   340 | D:2      | Reached skill level 3 in Short Blades
   398 | D:2      | Became a worshipper of Uskayaw the Reveller
   427 | D:1      | Reached XP level 3. HP: 29/29 MP: 3/3
   434 | D:1      | Reached * piety under Uskayaw
   472 | D:1      | Reached ** piety under Uskayaw
   672 | D:1      | Found a faded altar of an unknown god.
  1239 | D:1      | Reached XP level 4. HP: 15/35 MP: 4/4
  1639 | D:2      | Reached skill level 4 in Short Blades
  2575 | D:3      | Found a shimmering blue altar of Sif Muna.
  2576 | D:3      | Found a hazy altar of Hepliaklqana.
  2878 | D:4      | Reached XP level 5. HP: 24/41 MP: 5/5
  2926 | D:4      | Reached skill level 5 in Short Blades
  3142 | D:4      | Gained mutation: You are agile. (Dex +4, Str/Int -1)
                  | [potion of mutation]
  3142 | D:4      | Gained mutation: You are very agile. (Dex +8, Str/Int -2)
                  | [potion of mutation]
  3142 | D:4      | Lost mutation: You are very agile. (Dex +8, Str/Int -2)
                  | [potion of mutation]
  3143 | D:4      | HP: 2/61 [gnoll/+0 spear of venom (2)]
  3144 | D:4      | Succumbed to a gnoll's poison

Illustrated notes

Levels and vault maps discovered:
D:1:      onia_arrival_mini_maze_b, layout_loops_corners,
          dilly_ecumenical_altar_fadedgnrine, ebering_dispersal_statue_hall,
          minivault_14
D:2:      layout_rooms, basic_altar, minmay_tiny_reverse_x
D:3:      layout_basic, mainiacjoe_overflow_divided_tiny
D:4:      layout_basic, chequers_temple_overflow_minitemple,
          chequers_serial_rivers_room_b
D:5:      layout_layer_cave, nicolae_ashenzari_skybound,
          nicolae_dithmenos_through_a_glass_darkly, gammafunk_ghost_split,
          uniq_prince_ribbit1

Skill      XL: |  1  2  3  4  5 |
---------------+----------------+-----
Short Blades   | 2 3 4 5 |  5.1
Fighting       | |  3.0
Dodging        | |  1.7
Stealth        | |  4.1

Action                     |  1- 3 |  4- 6 || total
---------------------------+-------+-------++-------
  Melee: Short sword       |   148 |   135 ||   283
         Dagger            |    53 |       ||    53
  Throw: Boomerang         |     1 |     8 ||     9
         Throwing net      |       |     1 ||     1
  Evoke: Wand              |       |     2 ||     2
    Use: Potion            |     1 |     2 ||     3
   Stab: Sleeping          |     2 |     3 ||     5
 Armour: Leather armour    |    31 |       ||    31
         Ring mail         |    25 |    52 ||    77
  Dodge: Dodged            |    40 |    28 ||    68

Table legend: (Time is in decaauts)
 A = Elapsed time spent in this place.
 B = Non-inter-level travel time spent in this place.
 C = Inter-level travel time spent in this place.
 D = Time resting spent in this place.
 E = Time spent auto-exploring this place.
 F = Levels seen in this place.
 G = Mean time per level.
                   A        B        C        D        E       F      G
               +--------+--------+--------+--------+--------+-----+--------+
         Total |   3097 |   2965 |    132 |    186 |   1874 |   5 |  619.4 |
       Dungeon |   3097 |   2965 |    132 |    186 |   1874 |   5 |  619.4 |
               +--------+--------+--------+--------+--------+-----+--------+

Top non-repeatable levels by time:
     D:1: 1175 daAuts
     D:3: 991 daAuts
     D:2: 509 daAuts
     D:4: 413 daAuts
     D:5: 8 daAuts
